 Dungeon Crawl Stone Soup version 0.23-a0-446-g036aa52 (webtiles) character file.

976 Jawreze the Insei (level 7, 0/57 HPs)
             Began as a Purple Draconian Transmuter on Nov 17, 2018.
             Was a Believer of Vehumet.
             Slain by Pikel
             ... wielding a +1 whip of freezing
              (2 damage)
             ... on level 6 of the Dungeon on Nov 18, 2018.
             The game lasted 00:18:43 (7023 turns).

Jawreze the Insei (Purple Draconian Transmuter)     Turns: 7023, Time: 00:18:44

Health: 0/57       AC:  2    Str: 12    XL:     7   Next: 95%
Magic:  12/13      EV: 21    Int: 15    God:    Vehumet [**....]
Gold:   325        SH:  0    Dex: 17    Spells: 9/15 levels left

rFire    . . .     SeeInvis .     - Unarmed
rCold    . . .     Gourm    .   (shield currently unavailable)
rNeg     . . .     Faith    .   (armour unavailable)
rPois    x         Spirit   .   (helmet currently unavailable)
rElec    .         Reflect  .   (cloak currently unavailable)
rCorr    .         Harm     .   (gloves currently unavailable)
MR       +....                  (boots currently unavailable)
Stlth    ++........             (no amulet)
HPRegen  0.19/turn              (no ring)
MPRegen  0.13/turn              (no ring)

@: about to teleport, spider-form (expiring)
A: tiny, (breathe power), unfitting armour, AC +6
a: End Transformation, Renounce Religion


You were on level 6 of the Dungeon.
You worshipped Vehumet.
Vehumet was pleased with you.
You were not hungry.
You were a venomous arachnid creature.
You visited 1 branch of the dungeon, and saw 6 of its levels.
You also visited: Sewer.

You collected 395 gold pieces.
You spent 70 gold pieces at shops.

Inventory:

Missiles
 a - 105 arrows
 e - 243 stones (quivered)
Armour
 i - a +0 cloak (melded)
 o - a +0 pair of boots (melded)
 y - a +0 pair of gloves (melded)
Jewellery
 l - an uncursed ring of positive energy
 q - a +6 ring of strength
 s - an uncursed ring of wizardry {unknown}
 u - a +3 ring of evasion {unknown}
 w - a cursed -2 ring of strength
Scrolls
 d - 2 scrolls of remove curse
 f - 5 scrolls of identify
 g - 3 scrolls of enchant weapon
 k - 2 scrolls of teleportation
 p - 2 scrolls of fear {unknown}
 r - 3 scrolls of fog {unknown}
 v - a scroll of blinking {unknown}
 B - 4 scrolls of magic mapping {unknown}
 C - a scroll of torment {unknown}
Potions
 h - 2 potions of invisibility
 j - a potion of brilliance {unknown}
 m - 2 potions of cancellation {unknown}
 n - 2 potions of flight
 t - 4 potions of curing {unknown}
 x - a potion of lignification {unknown}
 z - a potion of magic {unknown}
 A - a potion of mutation {unknown}
 D - a potion of agility {unknown}
Comestibles
 c - 6 rations
 E - 5 chunks of flesh


   Skills:
 - Level 3.0 Fighting
 + Level 3.7 Dodging
 * Level 5.8 Unarmed Combat
 + Level 4.6 Spellcasting
 + Level 3.9 Transmutations
 + Level 3.0 Poison Magic


You had 9 spell levels left.
You knew the following spells:

 Your Spells              Type           Power        Failure   Level  Hunger
a - Beastly Appendage     Tmut           ###...       11%         1    None
b - Sticks to Snakes      Tmut           ###.....     14%         2    ##.....
c - Spider Form           Tmut/Pois      ##........   28%         3    ###....

Your spell library contained the following spells:

 Spells                   Type           Power        Failure   Level  Hunger
 Throw Frost              Conj/Ice       #.....       47%         2    ##.....
 Ice Form                 Ice/Tmut       #.......     78%         4    ####...
 Blade Hands              Tmut           ###.......   85%         5    ######.


Dungeon Overview and Level Annotations

Branches:
Dungeon (6/15)             Temple (0/1) D:4

Altars:
Dithmenos
Gozag
Sif Muna
Vehumet
Zin

Shops:
D:4 *

Annotations:
D:6 Pikel


Innate Abilities, Weirdness & Mutations

((You can breathe bolts of dispelling energy.))
((Your rich purple scales are hard. (AC +6)))
You cannot fit into any form of body armour.
((You are cold-blooded and may be slowed by cold attacks.))


Message History

Pikel misses you.
You hit Pikel.
Pikel looks as sick as possible!
Pikel is almost dead.
Pikel misses you. The slave hits you.
* * * LOW HITPOINT WARNING * * *
You hit Pikel.
Pikel looks as sick as possible!
Pikel is almost dead.
Your transformation is almost over.
Pikel hits you with a +1 whip of freezing.
* * * LOW HITPOINT WARNING * * *
Pikel freezes you.
* * * LOW HITPOINT WARNING * * *
The slave completely misses you. The slave hits you.
* * * LOW HITPOINT WARNING * * *
As you read the scroll labeled XIGUIMNIRRI, it crumbles to dust.
You feel strangely unstable.
It was a scroll of teleportation.
Pikel misses you. The slave hits you.
* * * LOW HITPOINT WARNING * * *
Pikel hits you with a +1 whip of freezing.
You die...

#### ##..######### ###
##.....p..##.### ###.####
#....p.Ks......###......#
#.#....p.##....##......##
#..###.####...........##
##.# ### #...........###
#.## #.............#
#..## #..............
#...# #...............
#.....# #...............
#........................


You could see Pikel and 3 slaves.

Vanquished Creatures
  Menkaure (D:5)
  A black bear (D:5)
  3 centaurs
  A hound (D:4)
  2 orc priests (D:5)
  Terence (D:3)
  2 orc wizards (D:5)
  4 worker ants
  A hound skeleton (D:5)
  2 river rats (D:4)
  5 adders
  An adder skeleton (D:5)
  5 worms
  A dart slug (D:2)
  4 leopard geckos
  4 orcs
  9 bats
  6 giant cockroaches
  5 goblins
  10 hobgoblins
  6 jackals
  8 ball pythons
  9 frilled lizards
  5 kobolds
  A quokka zombie (D:5)
  3 rats (D:1)
100 creatures vanquished.

Vanquished Creatures (collateral kills)
  Purgy (Sewer)
  An orc wizard (D:5)
  A river rat (D:4)
  A ball python (Sewer)
  A rat (D:4)
5 creatures vanquished.

Grand Total: 105 creatures vanquished

Notes
Turn   | Place    | Note
-------+----------+-------------------------------------------
     0 | D:1      | Jawreze the Draconian Transmuter began the quest for the
                  | Orb.
     0 | D:1      | Reached XP level 1. HP: 16/16 MP: 3/3
   297 | D:1      | Reached XP level 2. HP: 11/23 MP: 5/5
  1133 | D:1      | Learned a level 2 spell: Sticks to Snakes
  1155 | D:1      | Reached XP level 3. HP: 26/28 MP: 4/6
  1355 | D:1      | Learned a level 3 spell: Spider Form
  1355 | D:1      | Upgraded the game from 0.23-a0-445-g768d57b to
                  | 0.23-a0-446-g036aa52
  1472 | D:2      | Found a radiant altar of Vehumet.
  1694 | D:2      | Became a worshipper of Vehumet
  1724 | D:2      | Reached XP level 4. HP: 31/36 MP: 7/7
  1906 | D:2      | Found a shadowy altar of Dithmenos.
  2061 | D:2      | Found a glowing silver altar of Zin.
  2061 | D:2      | Found an opulent altar of Gozag.
  2476 | D:3      | Found a deep blue altar of Sif Muna.
  2734 | D:3      | Found a deep blue altar of Sif Muna.
  3044 | D:3      | Noticed Terence
  3071 | D:3      | Killed Terence
  3071 | D:3      | Reached skill level 4 in Unarmed Combat
  3208 | D:3      | Reached skill level 1 in Poison Magic
  3337 | D:3      | Reached XP level 5. HP: 40/41 MP: 8/8
  3904 | D:4      | Found a staircase to the Ecumenical Temple.
  4113 | D:4      | Reached * piety under Vehumet
  4113 | D:4      | Offered knowledge of Magic Dart by Vehumet.
  4191 | D:4      | Found a glowing drain.
  4306 | Sewer    | Entered a sewer
  4334 | Sewer    | Noticed Purgy
  4355 | Sewer    | Killed Purgy
  4355 | Sewer    | Reached XP level 6. HP: 27/50 MP: 4/10
  4866 | D:4      | Found Worusadi's General Store.
  4907 | D:4      | Bought a potion of heal wounds for 70 gold pieces
  5102 | D:5      | Entered Level 5 of the Dungeon
  5689 | D:5      | Reached skill level 5 in Unarmed Combat
  5689 | D:5      | Your scales start taking on a rich purple colour.
  5689 | D:5      | Reached XP level 7. HP: 46/57 MP: 11/13
  6262 | D:5      | Offered knowledge of Throw Frost by Vehumet.
  6268 | D:5      | Reached ** piety under Vehumet
  6453 | D:6      | Noticed Menkaure
  6633 | D:5      | Killed Menkaure
  6994 | D:6      | Noticed Pikel
  7023 | D:6      | HP: 2/57 [slave[Pikel] (3)]
  7023 | D:6      | Slain by Pikel

Vault maps used:
D:1:      dpeg_arrival_snail, minmay_tetromino_s2
D:2:      grunt_temple_overflow_gold_and_silver, old_standard_altar,
          nicolae_overflow_hidden_temple, chequers_serial_rivers_marsh,
          minmay_bisected
D:3:      kb_forest_paths, general_overflow_altar, uniq_terence
D:4:      temple_pool_b, portal_sewer_entry_c, serial_shops,
          nicolae_shop_window_shopping
D:5:      first_ration
D:6:      lemuel_doored_altar, serial_shops, shop, minmay_manual_moon,
          uniq_pikel, uniq_menkaure
Sewer:    sewer_co_purgy_island

Skill      XL: |  1  2  3  4  5  6  7 |
---------------+----------------------+-----
Dodging        | 2 3 |  3.7
Fighting       | 2 3 |  3.0
Unarmed Combat | 4 5 |  5.8
Poison Magic   | 1 2 3 |  3.0
Spellcasting   | 3 4 |  4.6
Transmutations | 3 |  3.9

Action                   |  1- 3 |  4- 6 |  7- 9 || total
-------------------------+-------+-------+-------++-------
Melee: Unarmed           |   129 |   269 |    63 ||   461
       Tailslap          |    10 |    29 |     1 ||    40
       Headbutt          |     7 |    30 |     1 ||    38
       Kick              |     5 |       |       ||     5
       Punch             |     1 |     5 |       ||     6
Throw: Stone             |     5 |     2 |     1 ||     8
 Cast: Beastly Appendage |    18 |    27 |     4 ||    49
       Sticks to Snakes  |       |     8 |     3 ||    11
       Spider Form       |       |     2 |     6 ||     8
 Abil: Breathe Dispellin |       |       |     3 ||     3
  Use: Scroll            |       |     4 |     2 ||     6
       Potion            |       |     1 |     1 ||     2
 Stab: Sleeping          |     1 |     2 |       ||     3
       Distracted        |       |     1 |       ||     1
  Eat: Chunk             |     3 |    10 |     3 ||    16
       Ration            |       |     1 |     1 ||     2
Armor: Skin              |    46 |    83 |    14 ||   143
Dodge: Dodged            |    74 |   190 |    52 ||   316

Table legend:
 A = Non-vault XP
 B = Vault XP
 C = Vault XP percentage of total XP
 D = Non-vault monster count
 E = Vault monster count
 F = Vault count percentage of total count
                 A         B        C        D         E       F
            +---------+---------+-------+---------+---------+-------
      Total |    1024 |     371 |  26.6 |      80 |      25 |  23.8
            +---------+---------+-------+---------+---------+-------
        D:1 |      43 |       3 |   6.5 |      27 |       1 |   3.6
        D:2 |     101 |       7 |   6.5 |      17 |       3 |  15.0
        D:3 |      11 |      46 |  80.7 |       6 |       7 |  53.8
        D:4 |     204 |      39 |  16.0 |       9 |       6 |  40.0
        D:5 |     550 |     172 |  23.8 |      20 |       1 |   4.8
        D:6 |     115 |       0 |   0.0 |       1 |       0 |   0.0
      Sewer |       0 |     104 | 100.0 |       0 |       7 | 100.0
            +---------+---------+-------+---------+---------+-------
